 Dungeon Sprint DCSS version 0.28-a0-381-g937acc2988 (webtiles) character file.

Game seed: 4531874295324600450

1921 MikeHunt the Warrior (level 8, 0/139 HPs)
             Began as a Minotaur Berserker on Sept 2, 2021.
             Was a High Priest of Trog.
             Slain by a sixfirhy (13 damage)
             ... summoned by an orc sorcerer
             ... in the Dungeon (Sprint III: "The Ten Rune Challenge").
             The game lasted 00:02:22 (1134 turns).

MikeHunt the Warrior (Minotaur Berserker)           Turns: 1134, Time: 00:02:22

Health: 0/139      AC:  4    Str: 21    XL:     8   Next: 96%
Magic:  7/7        EV: 16    Int:  4    God:    Trog [*****.]
Gold:   41         SH:  0    Dex: 13    Spells: 7/7 levels left

rFire   . . .      SeeInvis .   o - +2 war axe (vorpal) {god gift}
rCold   + . .      Faith    .   (no shield)
rNeg    . . .      Spirit   .   p - +2 robe {rC+}
rPois   .          Reflect  .   (helmet restricted)
rElec   .          Harm     .   (no cloak)
rCorr   .          Rampage  .   (no gloves)
Will    ++...      NoTele   +   (no boots)
Stlth   ..........              (no amulet)
HPRegen 1.33/turn               (no ring)
MPRegen 0.10/turn               (no ring)

@: berserking, strong-willed, regenerating, very quick
A: horns 2, retaliatory headbutt, screaming 1
a: Renounce Religion, Berserk, Trog's Hand, Brothers in Arms


You were in the Dungeon.
You worshipped Trog.
Trog was extremely pleased with you.
You visited 1 branch You collected 41 gold pieces.

Inventory:

Hand Weapons
 a - a +0 hand axe
 o - a +2 vorpal war axe (weapon) {god gift}
Armour
 p - a +2 robe of cold resistance (worn)
Scrolls
 h - a scroll of blinking
 i - a scroll of fear {unknown}
 j - a scroll of torment {unknown}
 k - 3 scrolls of identify
 n - a scroll of immolation {unknown}
Potions
 c - 3 potions of curing
 d - a potion of heal wounds
 e - a potion of haste
 f - 2 potions of magic
 g - a potion of berserk rage
 l - 3 potions of flight
 m - 4 potions of mutation


   Skills:
 + Level 16.0 Fighting
 - Level 14.0 Axes
 - Level 2.4 Armour
 + Level 9.6 Dodging


You had 7 spell levels left.
You didn't know any spells.
Your spell library was empty.

Dungeon Overview and Level Annotations

Branches:
Dungeon (1/1)

Altars:
Cheibriados
Dithmenos
Elyvilon
Fedhas
Gozag
Hepliaklqana
Kikubaaqudgha
Makhleb
Nemelex Xobeh
Okawaru
Qazlal
Ru
Sif Muna
Trog
Uskayaw
Vehumet
Wu Jian
Xom
Yredelemnul
Zin
The Shining One
Beogh
Jiyva
Lugonu

Shops:
D *


Innate Abilities, Weirdness & Mutations

You have a pair of horns on your head.
You reflexively headbutt those who attack you in melee.
You occasionally shout uncontrollably at your foes.


Message History

A hobgoblin comes into view.
An orc comes into view. It is wielding a +0 dagger.
An orc comes into view. It is wielding a +0 short sword.
An orc comes into view. It is wielding a +0 flail.
The orc priest moves out of view.
You hear a shout!
You see here 11 gold pieces.
You hear a shout! x2
The orc sorcerer gestures wildly while chanting.
You hear a shout! x2
There is an open door to the Orcish Mines here.
You see here a +0 animal skin.
Things that are here:
a +1 scimitar of flaming; the human corpse of Erica The orc sorcerer points at you and mumbles some strange words.
The bolt of fire hits you!!
There is an open door, spattered with blood here.
Things that are here:
a +0 whip; an orc corpse Your skin crawls.
You feel strong-willed. The sixfirhy hits you. The sixfirhy shocks you!
You are too injured to fight recklessly!
Unknown command.
Unknown command.
A red film seems to cover your vision as you go berserk!
You feel yourself moving faster!
You feel mighty! The sixfirhy hits you! The sixfirhy shocks you!
The sixfirhy hits you!
* * * LOW HITPOINT WARNING * * *
The sixfirhy shocks you!
* * * LOW HITPOINT WARNING * * *
You closely miss the sixfirhy.
You feel a strong urge to attack something.
The sixfirhy hits you.
* * * LOW HITPOINT WARNING * * *
The sixfirhy shocks you!
* * * LOW HITPOINT WARNING * * *
There is an open door, spattered with blood here.
You closely miss the sixfirhy. The sixfirhy hits you!
You die...

▓ ▓▓▓ ▓▓▓ ▓▓ ♣
♣.#############$$#$$ ♣
♣.#___#___#__#_#$#g ♣
♣.#.).#__.#)_#.$.o
♣♣♣♣♣.###'#'###'##.o.
♣.....#..........#o$
≈...♣.'.⌠........#3#
≈≈≈♣..#...######@#$#
≈≈....#.⌠.#__#..3#o#####
≈.....#)..#__#...#[§§≈§+
......#'###__#...#)#§§§#
†.....#):.#__#...).#§§§#
......#___#__'...#.#§§.#
▓▓▓▓▓▓▓▓▓▓▓▓▓▓▓▓▓▓▓▓▓▓▓▓


You could see a sixfirhy (summoned).

Vanquished Creatures
  Erica (D)
  A deep elf pyromancer (D)
  A shadow (D)
  A spatial vortex (D)
  A necrophage (D)
  A water elemental (D)
  A scorpion (D)
  A jelly (D)
  An orc priest (D)
  A wizard (D)
  A necromancer (D)
  3 humans (D)
  A kobold demonologist (D)
  An endoplasm (D)
  3 rats (D)
19 creatures vanquished.

Notes
Turn   | Place    | Note
-------+----------+-------------------------------------------
     0 | D        | MikeHunt the Minotaur Berserker began the quest for the
                  | Orb.
     0 | D        | Reached XP level 1. HP: 19/19 MP: 0/0
     6 | D        | Reached skill level 4 in Fighting
    13 | D        | Reached ** piety under Trog
    26 | D        | Noticed a scorpion
    30 | D        | Killed a scorpion
    31 | D        | Reached skill level 7 in Fighting
    31 | D        | Reached XP level 2. HP: 34/34 MP: 1/1
    31 | D        | Reached XP level 3. HP: 39/39 MP: 2/2
   121 | D        | Reached XP level 4. HP: 48/48 MP: 3/3
   159 | D        | Noticed a water elemental
   163 | D        | Killed a water elemental
   163 | D        | Reached *** piety under Trog
   164 | D        | Reached skill level 9 in Fighting
   164 | D        | Reached XP level 5. HP: 57/57 MP: 4/4
   211 | D        | Found a basalt altar of Yredelemnul.
   211 | D        | Found a shadowy altar of Dithmenos.
   211 | D        | Found a sacrificial altar of Ru.
   211 | D        | Noticed a necrophage
   217 | D        | Killed a necrophage
   218 | D        | Reached skill level 10 in Fighting
   218 | D        | Reached skill level 10 in Axes
   314 | D        | Found a glowing silver altar of Zin.
   314 | D        | Found a glowing golden altar of the Shining One.
   314 | D        | Found a white marble altar of Elyvilon.
   315 | D        | Noticed a deep elf pyromancer
   324 | D        | Killed a deep elf pyromancer
   324 | D        | Reached **** piety under Trog
   325 | D        | Reached skill level 13 in Fighting
   325 | D        | Reached XP level 6. HP: 26/72 MP: 5/5
   325 | D        | Reached XP level 7. HP: 28/79 MP: 6/6
   551 | D        | Found a radiant altar of Vehumet.
   552 | D        | Found a shimmering blue altar of Sif Muna.
   552 | D        | Found an ancient bone altar of Kikubaaqudgha.
   554 | D        | Noticed a neqoxec
   556 | D        | Gained mutation: You occasionally shout uncontrollably at
                  | your foes. [a neqoxec]
   688 | D        | Found a hide-covered altar of Uskayaw.
   688 | D        | Found an iron altar of Okawaru.
   688 | D        | Found a bloodstained altar of Trog.
   688 | D        | Found an ornate altar of the Wu Jian Council.
   688 | D        | Noticed a human
   689 | D        | Noticed a human
   697 | D        | Killed a human
   698 | D        | Killed a human
   698 | D        | Reached ***** piety under Trog
   699 | D        | Reached skill level 14 in Fighting
   699 | D        | Reached skill level 5 in Dodging
   789 | D        | Noticed a shadow
   794 | D        | Killed a shadow
   794 | D        | Received a gift from Trog
   795 | D        | Reached XP level 8. HP: 90/90 MP: 7/7
   875 | D        | Found a blossoming altar of Fedhas.
   875 | D        | Found a stormy altar of Qazlal.
   875 | D        | Found a snail-covered altar of Cheibriados.
   875 | D        | Found a burning altar of Makhleb.
   875 | D        | Found a shimmering altar of Xom.
   876 | D        | Found a hazy altar of Hepliaklqana.
   876 | D        | Found an opulent altar of Gozag.
   876 | D        | Found a sparkling altar of Nemelex Xobeh.
   876 | D        | Found a corrupted altar of Lugonu.
   876 | D        | Found a viscous altar of Jiyva.
   952 | D        | Noticed Erica
   968 | D        | Killed Erica
   969 | D        | Reached skill level 15 in Fighting
  1117 | D        | Reached skill level 16 in Fighting
  1121 | D        | Found Quexenk's Assorted Antiques.
  1121 | D        | Noticed an orc sorcerer
  1123 | D        | Noticed a sixfirhy
  1134 | D        | Slain by a sixfirhy

Illustrated notes

Levels and vault maps discovered:
D:        dungeon_sprint_mu [sprint_mu_entry_forest, sprint_mu_temple_rooms,
          sprint_mu_d1_horrors, sprint_mu_d2_genie, sprint_mu_d3_branching,
          sprint_mu_orc_legion, sprint_mu_elf_gauntlet, sprint_mu_hive_nellie,
          sprint_mu_lair_fedhas, sprint_mu_vaults_butterflies,
          sprint_mu_slime_circle, sprint_mu_shoals_kraken,
          sprint_mu_snake_twists, sprint_mu_blade_basic,
          sprint_mu_crypt_chambers, sprint_mu_tomb_spiral,
          sprint_mu_vestibule_basic, sprint_mu_gehenna_hellfire,
          sprint_mu_dis_giant, sprint_mu_tartarus_statrot,
          sprint_mu_cocytus_islands, sprint_mu_zot1]

Skill      XL: |  1  2  3  4  5  6  7  8 |
---------------+-------------------------+-----
Fighting       | 7 9 13 14 16 | 16.0
Axes           | 7 9 13 14 | 14.0
Dodging        | 6 9 |  9.6
Armour         | |  2.4

Action                   |  1- 3 |  4- 6 |  7- 9 || total
-------------------------+-------+-------+-------++-------
Melee: Hand axe          |    13 |    17 |    16 ||    46
       Headbutt          |       |     1 |    10 ||    11
       War axe           |       |       |    15 ||    15
Invok: Berserk           |     2 |     3 |     5 ||    10
       Trog's Hand       |       |       |     2 ||     2
Armor: Animal skin       |       |       |     1 ||     1
       Robe              |       |       |     1 ||     1
Dodge: Dodged            |     8 |     2 |     5 ||    15

Table legend: (Time is in decaauts)
 A = Elapsed time spent in this place.
 B = Non-inter-level travel time spent in this place.
 C = Inter-level travel time spent in this place.
 D = Time resting spent in this place.
 E = Time spent auto-exploring this place.
 F = Levels seen in this place.
 G = Mean time per level.
                   A        B        C        D        E       F      G
               +--------+--------+--------+--------+--------+-----+--------+
         Total |   1206 |   1206 |      0 |    940 |      0 |   1 | 1206.0 |
       Dungeon |   1206 |   1206 |      0 |    940 |      0 |   1 | 1206.0 |
               +--------+--------+--------+--------+--------+-----+--------+

Top non-repeatable levels by time:
       D: 1206 daAuts
